 Dungeon Crawl Stone Soup version 0.31-a0-175-g9f7f995f2b (webtiles) character file.

Game seed: 2062267538693090598

799 qw the Chopper (level 7, -2/44 HPs)
             Began as a Gargoyle Fighter on June 16, 2023.
             Was an Initiate of Okawaru.
             Slain by Pikel
             ... wielding a +0 whip of electrocution
              (8 damage)
             ... on level 6 of the Dungeon.
             The game lasted 00:02:22 (5159 turns).

qw the Chopper (Gargoyle Fighter)                   Turns: 5159, Time: 00:02:23

Health: -2/44      AC: 17    Str: 21    XL:     7   Next: 90%
Magic:  7/7        EV:  6    Int:  9    God:    Okawaru [......]
Gold:   53         SH:  4    Dex:  9    Spells: 6/6 levels left

rFire   . . .        Y - +0 war axe
rCold   . . .        c - +0 buckler
rNeg    + . .        p - +0 plate armour
rPois   inf          k - +0 helmet
rElec   +            (no cloak)
rCorr   .            (no gloves)
SInv    +            (no boots)
Will    .....        (no amulet) Stlth
                     h - ring of see invisible
HPRegen 0.27/turn    (no ring)
MPRegen 0.10/turn

%: no passive effects
@: about to teleport
A: sickness immunity, AC +4, negative energy resistance 1, electricity
resistance, torment resistance 1, petrification resistance
a: Renounce Religion


You were on level 6 of the Dungeon.
You worshipped Okawaru.
Okawaru was noncommittal.
You visited 2 branches of the dungeon, and saw 7 of its levels.

You collected 233 gold pieces.
You spent 180 gold pieces at shops.


Innate Abilities, Weirdness & Mutations

You are immune to sickness and miasma.
Your stone body is resilient. (AC +4)
You are immune to poison.
You resist negative energy. (rN+)
You are resistant to electric shocks. (rElec)
You are resistant to unholy torment.
You are immune to petrification.


   Skills:
 + Level 4.9 Fighting
 - Level 7.0 Axes
 - Level 4.0 Armour
 - Level 1.0 Dodging
 - Level 3.2 Shields


You had 6 spell levels left.
You didn't know any spells.
Your spell library was empty.

Inventory:

Hand Weapons
 m - a +0 flail
 Y - a +0 war axe (weapon)
Missiles
 l - a boomerang (quivered)
Armour
 b - +0 fire dragon scales
 c - a +0 buckler (worn)
 k - a +0 helmet (worn)
 p - a +0 plate armour (worn)
Jewellery
 h - a ring of see invisible (left hand)
 j - a ring of ice
Scrolls
 f - 5 scrolls of identify
 g - a scroll of teleportation
Potions
 a - 7 potions of curing
 d - a potion of might
 e - a potion of cancellation
 n - a potion of attraction
 o - a potion of lignification

Dungeon Overview and Level Annotations

Branches:
Dungeon (6/15)             Temple (1/1) D:5

Altars:
Ashenzari
Cheibriados
Dithmenos
Elyvilon
Fedhas
Gozag
Hepliaklqana
Makhleb
Nemelex Xobeh
Okawaru
Qazlal
Ru
Sif Muna
Trog
Uskayaw
Vehumet
Wu Jian
Xom
Yredelemnul
Zin
The Shining One

Shops:
D:3 =   D:4 *   D:5 !

Annotations:
D:6 Pikel


Message History

You hit Pikel.
Pikel is heavily wounded.
Pikel hits you with a +0 whip of electrocution.
You slash Pikel!
Pikel is severely wounded.
Pikel barely misses you.
You hit Pikel.
Pikel is severely wounded.
Pikel hits you but does no damage.
You barely miss Pikel.
Pikel is severely wounded.
Pikel barely misses you.
You barely miss Pikel.
Pikel is severely wounded.
Pikel hits you but does no damage.
You barely miss Pikel.
Pikel is severely wounded.
Pikel barely misses you. You block Pikel's attack.
You closely miss Pikel.
Pikel is severely wounded.
Pikel hits you but does no damage.
You closely miss Pikel.
Pikel is severely wounded.
Pikel hits you with a +0 whip of electrocution.
5156 ||| READING 2 scrolls of teleportation.
As you read the scroll of teleportation, it crumbles to dust.
You feel strangely unstable. Pikel hits you but does no damage.
You hit Pikel.
Pikel is almost dead.
Pikel hits you but does no damage.
You hit Pikel.
Pikel is almost dead.
Pikel waves his whip at you.
Pikel hits you with a +0 whip of electrocution.
You closely miss Pikel.
Pikel is almost dead.
Pikel hits you with a +0 whip of electrocution.
Pikel hits you with a +0 whip of electrocution!
You die...

#......#
#......#
#......#
#......#
#......#
###'####
.#### #.....#
.....5#...<.#
....55K@....#
#....5#.....#
#.... ####+##
#... #.. #. #


You could see Pikel and 4 lemures.

Vanquished Creatures
  A black bear (D:4)
  A phantom (D:5)
  A bullfrog (D:6)
  A jelly (D:5)
  A gnoll bouda (D:6)
  A hound (D:5)
  An orc priest (D:4)
  Jessica (D:3)
  2 iguanas
  A sleepcap (D:5)
  2 orc wizards
  Robin (D:2)
  7 gnolls
  9 adders
  A shadow imp (D:5)
  2 worms
  4 dart slugs
  16 orcs
  4 bats
  7 endoplasms
  4 giant cockroaches
  17 goblins
  5 hobgoblins
  3 jackals (D:1)
  6 kobolds
  A quokka (D:2)
  14 ball pythons
  3 frilled lizards
  A rat (D:1)
118 creatures vanquished.

Notes
Turn   | Place    | Note
-------+----------+-------------------------------------------
     0 | D:1      | qw the Gargoyle Fighter began the quest for the Orb.
     0 | D:1      | Reached XP level 1. HP: 14/14 MP: 1/1
     0 | D:1      | 0 ||| qw: Version: 0.2-a-29-g511e9b1
     0 | D:1      | 0 ||| qw: Game counter: 5668
     0 | D:1      | 0 ||| qw: Always use a shield: true
     0 | D:1      | 0 ||| qw: God list: Okawaru
     0 | D:1      | 0 ||| qw: Allow faded altars: false
     0 | D:1      | 0 ||| qw: Do Orc after D:15 true
     0 | D:1      | 0 ||| qw: Do second Lair branch before Depths: true
     0 | D:1      | 0 ||| qw: Lair rune preference: random
     0 | D:1      | 0 ||| qw: Plans: Normal, Zot:1-4, Slime:5, God:TSO, Crypt,
                  | Tomb, Abyss, Pan, Hells, Win
     0 | D:1      | 0 ||| PLANNING D:1-11
    41 | D:1      | Reached skill level 2 in Axes
    61 | D:1      | 61 ||| Stepping ~*~*~tactically~*~*~ (stealth).
    68 | D:1      | Reached XP level 2. HP: 17/19 MP: 2/2
   124 | D:1      | 124 ||| Stepping ~*~*~tactically~*~*~ (stealth).
   631 | D:1      | Reached skill level 3 in Axes
   649 | D:1      | Reached XP level 3. HP: 23/23 MP: 3/3
   816 | D:1      | Found a faded altar of an unknown god.
   820 | D:1      | 820 ||| READING scroll labelled FILYS VIUMAM.
   821 | D:1      | 821 ||| READING 2 scrolls labelled LEREUFU NABYARPH.
   822 | D:1      | 822 ||| READING 3 scrolls labelled ALAEQUEXIL.
  1035 | D:2      | 1035 ||| Stepping ~*~*~tactically~*~*~ (stealth).
  1095 | D:2      | 1095 ||| Stepping ~*~*~tactically~*~*~ (stealth).
  1098 | D:2      | 1098 ||| Stepping ~*~*~tactically~*~*~ (stealth).
  1107 | D:2      | 1107 ||| FLEEEEING.
  1120 | D:2      | Noticed Robin
  1133 | D:2      | Killed Robin
  1283 | D:2      | Reached XP level 4. HP: 28/28 MP: 4/4
  1464 | D:2      | 1464 ||| UPGRADING to +0 helmet.
  1469 | D:2      | 1469 ||| READING scroll labelled NILUAPNU FUYC.
  1470 | D:2      | 1470 ||| DRINKING 2 viscous inky potions.
  1471 | D:2      | 1471 ||| DRINKING 2 fizzy coppery potions.
  1472 | D:2      | 1472 ||| READING 4 scrolls of identify.
  1472 | D:2      | 1472 ||| IDENTIFYING puce potion
  1473 | D:2      | 1473 ||| DROPPING potion of enlightenment.
  1474 | D:2      | 1474 ||| DROPPING potion of brilliance.
  1585 | D:3      | Reached skill level 4 in Axes
  1654 | D:3      | 1654 ||| Stepping ~*~*~tactically~*~*~ (hiding).
  1669 | D:3      | Found Cojeygg's Jewellery Emporium.
  1677 | D:3      | 1677 ||| SHOPLISTING +4 ring of protection (396 gold, have
                  | 116).
  1677 | D:3      | 1677 ||| SHOPLISTING +5 ring of evasion (396 gold, have
                  | 116).
  1677 | D:3      | 1677 ||| SHOPLISTING ring "Veimohya" {Fire Int+2 Dex+5}
                  | (513 gold, have 116).
  1677 | D:3      | 1677 ||| SHOPLISTING ring of protection from fire (275
                  | gold, have 116).
  1677 | D:3      | 1677 ||| SHOPLISTING ring of see invisible (165 gold, have
                  | 116).
  1769 | D:3      | 1769 ||| Stepping ~*~*~tactically~*~*~ (stealth).
  1912 | D:3      | 1912 ||| Stepping ~*~*~tactically~*~*~ (hiding).
  2048 | D:3      | Noticed Jessica
  2050 | D:3      | Killed Jessica
  2051 | D:3      | Reached XP level 5. HP: 32/32 MP: 5/5
  2300 | D:3      | Found a snail-covered altar of Cheibriados.
  2301 | D:3      | 2301 ||| Stepping ~*~*~tactically~*~*~ (hiding).
  2662 | D:3      | 2662 ||| UPGRADING to +0 chain mail.
  2672 | D:3      | 2672 ||| DROPPING +0 scale mail.
  2673 | D:3      | 2673 ||| READING scroll labelled BIMO SIPAU.
  2674 | D:3      | 2674 ||| READING 3 scrolls of identify.
  2674 | D:3      | 2674 ||| IDENTIFYING smoky golden potion
  2675 | D:3      | 2675 ||| DROPPING potion of berserk rage.
  2786 | D:4      | Reached skill level 5 in Axes
  2787 | D:4      | Found Nonadghua's Overcharged Wands.
  2797 | D:4      | 2797 ||| SHOPLISTING wand of digging (11) (693 gold, have
                  | 161).
  3315 | D:4      | 3315 ||| Stepping ~*~*~tactically~*~*~ (stealth).
  3322 | D:4      | Reached XP level 6. HP: 37/38 MP: 6/6
  3391 | D:4      | Noticed a black bear
  3400 | D:4      | Killed a black bear
  3453 | D:4      | 3453 ||| Stepping ~*~*~tactically~*~*~ (hiding).
  3897 | D:4      | Reached skill level 6 in Axes
  3938 | D:4      | 3938 ||| UPGRADING to ring of see invisible.
  3939 | D:4      | 3939 ||| READING scroll labelled CIESSI HUAT.
  3940 | D:4      | 3940 ||| READING 3 scrolls of identify.
  3940 | D:4      | 3940 ||| IDENTIFYING murky pink potion
  3988 | D:5      | Entered Level 5 of the Dungeon
  4043 | D:5      | 4043 ||| Stepping ~*~*~tactically~*~*~ (stealth).
  4048 | D:5      | Reached skill level 1 in Dodging
  4050 | D:5      | Reached XP level 7. HP: 38/43 MP: 7/7
  4068 | D:5      | 4068 ||| DROPPING +0 mace.
  4154 | D:5      | 4154 ||| Stepping ~*~*~tactically~*~*~ (hiding).
  4213 | D:5      | Found a staircase to the Ecumenical Temple.
  4214 | D:5      | 4214 ||| PLANNING TEMPLE
  4216 | D:5      | 4216 ||| Stepping ~*~*~tactically~*~*~ (hiding).
  4322 | D:5      | 4322 ||| UPGRADING to +0 fire dragon scales.
  4332 | D:5      | 4332 ||| UPGRADING to ring of ice.
  4341 | Temple   | Entered the Ecumenical Temple
  4416 | Temple   | 4416 ||| PLANNING OKAWARU WORSHIP
  4540 | Temple   | Became a worshipper of Warmaster Okawaru
  4541 | Temple   | 4541 ||| PLANNING D:1-11
  4568 | D:5      | Found Ajaif Ups's Distillery.
  4608 | D:5      | 4608 ||| BUYING 2 potions of curing (60 gold).
  4608 | D:5      | Bought 2 potions of curing for 60 gold pieces
  4608 | D:5      | 4608 ||| BUYING potion of attraction (30 gold).
  4608 | D:5      | Bought a potion of attraction for 30 gold pieces
  4608 | D:5      | 4608 ||| BUYING potion of curing (30 gold).
  4608 | D:5      | Bought a potion of curing for 30 gold pieces
  4608 | D:5      | 4608 ||| BUYING potion of curing (30 gold).
  4608 | D:5      | Bought a potion of curing for 30 gold pieces
  4608 | D:5      | 4608 ||| SHOPLISTING potion of haste (100 gold, have 42).
  4608 | D:5      | 4608 ||| BUYING potion of lignification (30 gold).
  4608 | D:5      | Bought a potion of lignification for 30 gold pieces
  4608 | D:5      | 4608 ||| SHOPLISTING potion of mutation (80 gold, have 12).
  4669 | D:5      | 4669 ||| Stepping ~*~*~tactically~*~*~ (stealth).
  4718 | D:5      | Reached skill level 7 in Axes
  4964 | D:5      | 4964 ||| DROPPING +0 chain mail.
  4965 | D:5      | 4965 ||| UPGRADING to +0 plate armour.
  4975 | D:5      | 4975 ||| REMOVING ring of ice.
  4976 | D:5      | 4976 ||| READING scroll labelled NURAFI EVVY.
  5130 | D:6      | Noticed Pikel
  5155 | D:6      | HP: 11/44 [Pikel/+0 whip of electrocution (5)]
  5156 | D:6      | 5156 ||| READING 2 scrolls of teleportation.
  5159 | D:6      | Slain by Pikel

Levels and vault maps discovered:
D:1:      dpeg_arrival_rhombus, layout_basic, shapermc_ecumenical_altar_petra
D:2:      layout_basic, nrook_mini_backslash, uniq_robin
D:3:      kb_forest_paths, layout_loops_corners, kennysheep_slug_shrine,
          serial_shops, shop, uniq_jessica
D:4:      layout_basic, nicolae_shop_overcharged_wands
D:5:      layout_rooms, minmay_temple_entry_crystal_x, serial_shops,
          nicolae_shop_stone
D:6:      layout_gridville, corner_web_ring, uniq_pikel, uniq_edmund
Temple:   nicolae_temple_slightly_damp_pantheon

Skill      XL: |  1  2  3  4  5  6  7 |
---------------+----------------------+-----
Axes           | 2 3 4 5 6 7 |  7.0
Fighting       | 4 |  4.9
Dodging        | 1 |  1.0
Armour         | 4 |  4.0
Shields        | |  3.2

Action                     |  1- 3 |  4- 6 |  7- 9 || total
---------------------------+-------+-------+-------++-------
  Melee: War axe           |   123 |   154 |    95 ||   372
  Throw: Boomerang         |       |    77 |    21 ||    98
    Use: Scroll            |     3 |     6 |     2 ||    11
         Potion            |       |     2 |       ||     2
 Armour: Scale mail        |    71 |    22 |       ||    93
         Chain mail        |       |    58 |    13 ||    71
         Plate armour      |       |       |    35 ||    35
         Fire dragon scale |       |       |    13 ||    13
  Dodge: Dodged            |    69 |    55 |    28 ||   152
  Block: Buckler           |    18 |    30 |    11 ||    59

Table legend:
 A = Non-vault XP
 B = Vault XP
 C = Vault XP percentage of total XP
 D = Non-vault monster count
 E = Vault monster count
 F = Vault count percentage of total count
                 A         B        C        D         E       F
            +---------+---------+-------+---------+---------+-------
      Total |    1047 |      95 |   8.3 |      99 |      19 |  16.1
            +---------+---------+-------+---------+---------+-------
        D:1 |      35 |       0 |   0.0 |      19 |       0 |   0.0
        D:2 |      17 |      34 |  66.7 |       9 |      11 |  55.0
        D:3 |      78 |      61 |  43.9 |      20 |       8 |  28.6
        D:4 |     330 |       0 |   0.0 |      25 |       0 |   0.0
        D:5 |     390 |       0 |   0.0 |      20 |       0 |   0.0
        D:6 |     197 |       0 |   0.0 |       6 |       0 |   0.0
            +---------+---------+-------+---------+---------+-------
